 Dungeon Crawl Stone Soup version 0.27.0-1-g7a089689b8 (webtiles) character file.

Game seed: 13164574184482684904

34528 MajorAdolf the Unseen (level 13, -5/97 HPs)
             Began as a Naga Wanderer on Aug 9, 2021.
             Was a High Priest of Cheibriados.
             Slain by a large slime creature (29 damage)
             ... on level 14 of the Dungeon.
             The game lasted 00:53:44 (27023 turns).

MajorAdolf the Unseen (Naga Wanderer)              Turns: 27023, Time: 00:53:45

Health: -5/97      AC: 15    Str: 27    XL:     13   Next: 78%
Magic:  3/26       EV: 24    Int: 34    God:    Cheibriados [*****.]
Gold:   577        SH:  0    Dex: 23    Spells: 11/31 levels left

rFire    x . .     SeeInvis +   q - staff of conjuration
rCold    + + .     Faith    .   (no shield)
rNeg     . . .     Spirit   .   J - +1 leather armour of Okawaru's Approval {Regen+ Stlth+}
rPois    +         Reflect  .   r - +2 helmet {Int+3}
rElec    +         Harm     .   (no cloak)
rCorr    .         Rampage  .   w - +2 pair of gloves "Seweaz" {+Blink Stlth+}
Will     +....                  (no barding)
Stlth    +++++++++.             t - amulet of Fifea {Acrobat rElec rPois rF- Stlth+}
HPRegen  1.26/turn              j - ring of protection from cold
MPRegen  0.20/turn              H - ring of protection from cold

@: acrobatic, studying Throwing, very slow
A: AC +4, large, see invisible, deformed body, poison resistance, slowness 2,
spit poison 1, naga tail 2, iridescent scales 1, sense surroundings 1, strong 1
a: Spit Poison, Renounce Religion, Evoke Blink, Bend Time, Temporal Distortion,
Slouch, Step From Time


You were on level 14 of the Dungeon.
You worshipped Cheibriados.
Cheibriados was extremely pleased with you.
You visited 2 branches of the dungeon, and saw 15 of its levels.

You collected 1105 gold pieces.
You spent 528 gold pieces at shops.

Inventory:

Hand Weapons
 h - a +0 dagger
 k - a +2 hand axe of freezing
Missiles
 e - 301 stones
 A - 2 throwing nets
Armour
 r - a +2 helmet of intelligence (worn)
 w - the +2 pair of gloves "Seweaz" (worn) {+Blink Stlth+}
   (You bought it in a shop on level 12 of the Dungeon)

   +Blink:    It lets you blink.
   Stlth:     It makes you more stealthy.
 C - the +7 scale mail of Feiq {Rampage +Blink rF- Str+4}
   (You found it on level 9 of the Dungeon)

   Str:       It affects your strength (+4).
   rF:        It makes you vulnerable to fire.
   +Blink:    It lets you blink.
   Rampage:   It bestows one free step when moving towards enemies.
   Cheibriados disapproves of the use of such an item.
 J - the +1 leather armour of Okawaru's Approval (worn) {Regen+ Stlth+}
   (You found it on level 13 of the Dungeon)

   Regen:     It increases your rate of health regeneration.
   Stlth:     It makes you more stealthy.
Magical Staves
 q - a staff of conjuration (weapon)
Jewellery
 j - a ring of protection from cold (left hand)
 t - the amulet of Fifea (around neck) {Acrobat rElec rPois rF- Stlth+}
   (You found it on level 6 of the Dungeon)

   [amulet of the acrobat]

   It increases your evasion while moving and waiting.
   rF:        It makes you vulnerable to fire.
   rElec:     It insulates you from electricity.
   rPois:     It protects you from poison.
   Stlth:     It makes you more stealthy.
 u - a ring of wizardry
 G - an amulet of guardian spirit
 H - a ring of protection from cold (right hand)
Wands
 g - a wand of acid (4)
 x - a wand of charming (22)
 y - a wand of iceblast (7)
 z - a wand of mindburst (5)
 I - a wand of flame (14)
Scrolls
 a - 15 scrolls of identify
 c - a scroll of summoning
 d - a scroll of blinking
 p - 3 scrolls of amnesia
 s - a scroll of noise
Potions
 b - 3 potions of attraction {unknown}
 f - 5 potions of curing
 l - 2 potions of might {unknown}
 m - 3 potions of cancellation {unknown}
 n - a potion of magic {unknown}
 v - 2 potions of brilliance {unknown}
 B - 2 potions of heal wounds {unknown}
 D - a potion of lignification {unknown}
 E - a potion of resistance {unknown}
 F - a potion of flight {unknown}


   Skills:
 - Level 1.0 Fighting
 - Level 1.0 Axes
 - Level 2.7 Armour
 + Level 15.3 Stealth
 - Level 1.0 Shields
 + Level 9.6 Spellcasting
 + Level 8.2 Conjurations
 + Level 9.4 Transmutations
 + Level 3.3 Fire Magic
 - Level 9.0 Earth Magic
 + Level 10.5 Invocations


You had 11 spell levels left.
You knew the following spells:

 Your Spells              Type           Power      Damage    Failure   Level
a - Sandblast             Erth           100%       2d20      1%          1
b - Stone Arrow           Conj/Erth      100%       3d13      1%          3
c - Passwall              Tmut/Erth      56%        N/A       1%          2
d - Petrify               Tmut/Erth      68%        N/A       1%          4
e - Iskenderun's Battles  Conj           83%        2d13      3%          5
f - Fireball              Conj/Fire      35%        3d15      8%          5

Your spell library contained the following spells:

 Spells                   Type           Power      Damage    Failure   Level
 Wereblood                Tmut           69%        N/A       1%          2
 Corona                   Hex            17%        N/A       3%          1
 Ensorcelled Hibernation  Hex/Ice        32%        N/A       4%          2
 Slow                     Hex            16%        N/A       4%          2
 Confusing Touch          Hex            16%        N/A       10%         3
 Gell's Gravitas          Tloc           8%         N/A       10%         3
 Lesser Beckoning         Tloc           8%         N/A       10%         3
 Teleport Other           Tloc           16%        N/A       10%         3
 Tukima's Dance           Hex            16%        N/A       10%         3
 Yara's Violent Unravell  Hex/Tmut       24%        3d11      12%         5
 Conjure Ball Lightning   Conj/Air       30%        3x3d10    65%         6
 Orb of Destruction       Conj           41%        9d14      65%         7


Dungeon Overview and Level Annotations

Branches:
Dungeon (14/15)            Temple (1/1) D:4            Lair (0/6) D:8
    Orc (0/2) D:11         Vaults (0/5) D:14

Altars:
Ashenzari
Cheibriados
Dithmenos
Elyvilon
Fedhas
Gozag
Hepliaklqana
Kikubaaqudgha
Makhleb
Nemelex Xobeh
Okawaru
Qazlal
Ru
Sif Muna
Trog
Uskayaw
Vehumet
Wu Jian
Xom
Yredelemnul
Zin
The Shining One

Shops:
D:8 (   D:12 *(

Annotations:
D:3 1 runed translucent door
D:6 exclusion: downstairs
D:8 exclusion: door, Joseph
D:9 3 runed translucent doors, exclusion: door, coffeespoons's ghost, novice OpCj
D:14 Urug


Innate Abilities, Weirdness & Mutations

Your serpentine skin is tough. (AC +4)
You have supernaturally acute eyesight. (SInv)
Armour fits poorly on your strangely shaped body.
Your system is resistant to poisons. (rPois)
You cover ground very slowly.
You can spit poison.
You can use your snake-like lower body to constrict enemies.
You are partially covered in iridescent scales. (AC +2)
You passively map a small area around you.
Your muscles are strong. (Str +2)


Message History

There is an open door here.
Unknown command.
Two slime creatures merge to form a very large slime creature.
Two slime creatures merge to form an enormous slime creature.
Okay, then.
An enormous slime creature splits.
Two slime creatures merge to form an enormous slime creature.
An enormous slime creature splits.
There is an open door here.
A large slime creature splits.
The large slime creature closely misses you.
Two slime creatures merge to form a very large slime creature.
The very large slime creature hits you!
Two slime creatures merge to form an enormous slime creature.
There is an open door, spattered with blood here.
The enormous slime creature closely misses you.
You see here 6 potions of degeneration.
The enormous slime creature hits you but does no damage.
An enormous slime creature splits.
A large slime creature splits. x2; The slime creature barely misses you.
You can feel time thicken for a moment.
Cheibriados lowers the support of your attributes as your movement quickens.
The slime creature hits you but does no damage. x2
The slime creature hits you!
The slime creature hits you but does no damage.
Unknown command.
Two slime creatures merge to form a large slime creature.
The slime creature hits you but does no damage.
The slime creature barely misses you.
The slime creature hits you but does no damage.
The slime creature hits you! The large slime creature hits you!
The slime creature completely misses you.
The slime creature barely misses you. The large slime creature hits you.
* * * LOW HITPOINT WARNING * * *
The slime creature hits you but does no damage.
The slime creature hits you!
* * * LOW HITPOINT WARNING * * *
The large slime creature hits you!!
You die...

#............
#............ , #......# ,
######.# *** #.# ##### *
#.# #8.8# #.# #.<.# , ,
#.# ####[..####, #.#
#8...@...8# * , #.#
#...JJJ...# #.#..
#.###8.......8#..# #.#..
#...####...####..# #.#..
#......#...# #..# #.#..
#......#8!8####..# #.#..
#.!....##'##.....#####.#..
#......................#..
#.......###'###........'..


You could see a large slime creature and 2 slime creatures.

Vanquished Creatures
  Nessos (D:14)
  A yaktaur captain (D:9)
  A rakshasa (D:13)
  3 hydras
  2 boulder beetles
  Harold (D:8)
  A centaur warrior (D:13)
  3 tengu warriors
  4 two-headed ogres
  Pikel (D:8)
  2 deep elf pyromancers
  7 ugly things
  3 cyclopes
  A manticore (D:9)
  A gargoyle (D:13)
  A komodo dragon (D:12)
  A freezing wraith (D:14)
  An unseen horror (D:11)
  2 kobold demonologists
  4 trolls
  A jumping spider (shapeshifter) (D:13)
  2 hornets
  A wind drake (shapeshifter) (D:13)
  5 slime creatures
  A shadow (D:13)
  27 yaks
  13 humans (D:14)
  A wyvern (D:11)
  The ghost of Dicemaster the Grasshopper, an amateur GnWr (D:3)
  4 steam dragons
  A basilisk (D:12)
  2 vampire mosquitoes (D:11)
  3 wargs (D:11)
  Edmund (D:4)
  3 acid dragons (D:12)
  4 water moccasins (D:8)
  Duvessa (D:4)
  3 black bears
  5 orc warriors
  A sky beast (D:8)
  A necrophage (D:6)
  3 ogres
  9 centaurs
  2 phantoms
  2 lemures (D:8)
  Blork the orc (D:3)
  3 bullfrogs
  2 wyvern zombies (D:8)
  A water moccasin zombie (D:3)
  A scorpion (D:8)
  Dowan (D:4)
  An electric eel (D:7)
  2 howler monkeys
  4 centaur zombies
  2 jellies
  7 orc priests
  A hound (D:6)
  3 iguanas
  3 centaur skeletons
  8 orc wizards
  Natasha (thrice) (D:3)
  2 killer bee zombies
  A howler monkey zombie (D:8)
  A gnoll (D:14)
  9 adders
  3 white imps
  An ufetubus (D:4)
  An adder skeleton (D:4)
  A worm (D:2)
  2 dart slugs (D:1)
  34 orcs
  4 bats (D:1)
  8 endoplasms
  21 giant cockroaches
  9 goblins
  8 hobgoblins
  8 jackals
  A quokka (D:3)
  8 ball pythons
  2 frilled lizards
  5 kobolds
  A quokka skeleton (D:4)
  7 rats
318 creatures vanquished.

Vanquished Creatures (collateral kills)
  A two-headed ogre (D:12)
  A shadow (D:12)
2 creatures vanquished.

Vanquished Creatures (others)
  31 fungi (D:8)
  40 plants (D:8)
71 creatures vanquished.

Grand Total: 391 creatures vanquished

Notes
Turn   | Place    | Note
-------+----------+-------------------------------------------
     0 | D:1      | MajorAdolf the Naga Wanderer began the quest for the Orb.
     0 | D:1      | MajorAdolf set off with the following items: a +0 club, a
                  | +0 ring mail; and the following spell memorised: Sandblast;
                  | and the following spells available to memorise: Passwall,
                  | Wereblood, Stone Arrow, Petrify
     0 | D:1      | Reached XP level 1. HP: 18/18 MP: 1/1
   232 | D:1      | Reached XP level 2. HP: 25/25 MP: 2/2
   550 | D:1      | Reached skill level 2 in Stealth
  1464 | D:1      | Reached XP level 3. HP: 31/31 MP: 4/4
  1530 | D:1      | Found a faded altar of an unknown god.
  1684 | D:2      | Reached skill level 1 in Spellcasting
  2101 | D:2      | Reached skill level 3 in Stealth
  2916 | D:3      | Reached XP level 4. HP: 38/38 MP: 6/6
  3176 | D:3      | Noticed Natasha
  3535 | D:3      | Found a runed translucent door.
  3537 | D:3      | Noticed Dicemaster's ghost (amateur GnWr)
  3537 | D:3      | Noticed a bullfrog
  3985 | D:3      | Reached skill level 4 in Stealth
  3985 | D:3      | Reached XP level 5. HP: 41/44 MP: 6/8
  4615 | D:4      | Noticed a black bear
  4904 | D:3      | Reached skill level 5 in Stealth
  4904 | D:3      | Reached XP level 6. HP: 28/51 MP: 8/10
  5144 | D:3      | Killed Natasha
  5283 | D:3      | Noticed Natasha
  5291 | D:3      | Killed Natasha
  5359 | D:3      | Noticed Natasha
  5417 | D:3      | Found a runed translucent door.
  5455 | D:3      | Killed Natasha
  5463 | D:3      | Learned a level 3 spell: Stone Arrow
  5662 | D:4      | HP: 2/51 [black bear (5)]
  5663 | D:4      | Killed a black bear
  5664 | D:4      | Reached skill level 6 in Stealth
  5954 | D:4      | Gained mutation: Your muscles are strong. (Str +2) [potion
                  | of mutation]
  5954 | D:4      | Gained mutation: You are dopey. (Int -2) [potion of
                  | mutation]
  5954 | D:4      | Gained mutation: Your tail ends in a poisonous barb.
                  | [potion of mutation]
  5987 | D:4      | Found a staircase to the Ecumenical Temple.
  5996 | Temple   | Entered the Ecumenical Temple
  6199 | Temple   | Became a worshipper of Cheibriados the Contemplative
  6238 | D:4      | Reached skill level 5 in Earth Magic
  6238 | D:4      | Reached XP level 7. HP: 57/57 MP: 7/12
  6291 | D:4      | Noticed Blork the orc
  6306 | D:3      | Killed Blork the orc
  6306 | D:3      | HP: 2/57 [jackal (3)]
  6307 | D:3      | Reached skill level 1 in Invocations
  6771 | D:4      | Noticed Dowan
  7052 | D:4      | Reached * piety under Cheibriados
  7088 | D:4      | Noticed Edmund
  7341 | D:5      | Entered Level 5 of the Dungeon
  7426 | D:5      | Reached skill level 7 in Stealth
  8073 | D:5      | Found a basalt altar of Yredelemnul.
  8128 | D:5      | Learned a level 2 spell: Passwall
  8133 | D:5      | Learned a level 4 spell: Petrify
  8439 | D:5      | Found a bloodstained altar of Trog.
  8768 | D:5      | Reached XP level 8. HP: 30/64 MP: 1/14
  9082 | D:6      | Reached skill level 1 in Conjurations
  9348 | D:6      | Reached skill level 1 in Transmutations
  9492 | D:6      | Identified the amulet of Fifea {Acrobat rElec rPois rF-
                  | Stlth+}
  9545 | D:6      | Reached skill level 8 in Stealth
  9979 | D:6      | Reached ** piety under Cheibriados
 10552 | D:4      | Killed Edmund
 10926 | D:2      | Reached XP level 9. HP: 70/70 MP: 12/16
 11340 | D:3      | Killed Dicemaster's ghost
 11460 | D:4      | Noticed Duvessa
 11728 | D:4      | Killed Dowan
 11728 | D:4      | Reached *** piety under Cheibriados
 11741 | D:4      | Killed Duvessa
 11742 | D:4      | Reached skill level 9 in Stealth
 11742 | D:4      | Reached skill level 5 in Spellcasting
 13959 | D:7      | Reached **** piety under Cheibriados
 14614 | D:7      | Reached skill level 5 in Invocations
 15020 | D:8      | Found Utuiwits's Antique Weapon Boutique.
 15096 | D:8      | Reached skill level 10 in Stealth
 15096 | D:8      | Reached XP level 10. HP: 78/78 MP: 4/18
 15638 | D:8      | Reached ***** piety under Cheibriados
 16345 | D:8      | Noticed Pikel
 16357 | D:8      | Killed Pikel
 16358 | D:8      | Reached skill level 5 in Conjurations
 16358 | D:8      | Reached skill level 5 in Transmutations
 16436 | D:8      | Noticed Harold
 16525 | D:8      | Killed Harold
 16526 | D:8      | Reached skill level 11 in Stealth
 16725 | D:8      | Noticed Joseph
 16787 | D:8      | Found a staircase to the Lair.
 17165 | D:9      | Found a sparkling altar of Nemelex Xobeh.
 17259 | D:9      | Noticed coffeespoons's ghost (novice OpCj)
 17259 | D:9      | Noticed a manticore
 17280 | D:9      | Found a runed translucent gate.
 17280 | D:9      | Found a runed translucent gate.
 17280 | D:9      | Found a runed translucent gate.
 17431 | D:9      | Found a runed translucent door.
 17431 | D:9      | Noticed a manticore
 17434 | D:9      | Killed a manticore
 17435 | D:9      | Reached XP level 11. HP: 76/84 MP: 10/20
 17491 | D:9      | Noticed a yaktaur captain
 17498 | D:9      | Killed a yaktaur captain
 17764 | D:9      | Noticed a boulder beetle
 17771 | D:9      | Killed a boulder beetle
 18181 | D:9      | Found a broken altar of Ashenzari.
 18262 | D:9      | Identified the +7 scale mail of Feiq {Rampage +Blink rF-
                  | Str+4}
 18375 | D:9      | Noticed a sixfirhy
 18628 | D:10     | Entered Level 10 of the Dungeon
 18646 | D:10     | Noticed a two-headed ogre
 18650 | D:10     | Killed a two-headed ogre
 18651 | D:10     | Reached skill level 12 in Stealth
 19573 | D:10     | Noticed a two-headed ogre
 19581 | D:10     | Killed a two-headed ogre
 20625 | D:11     | Found a staircase to the Orcish Mines.
 20639 | D:11     | Reached ****** piety under Cheibriados
 20640 | D:11     | Reached XP level 12. HP: 68/91 MP: 0/23
 21068 | D:11     | Learned a level 5 spell: Iskenderun's Battlesphere
 21109 | D:11     | Reached skill level 13 in Stealth
 22839 | D:12     | Noticed a two-headed ogre
 22843 | D:12     | Killed a two-headed ogre
 22881 | D:12     | Lost mutation: You are dopey. (Int -2) [potion of mutation]
 22881 | D:12     | Lost mutation: Your tail ends in a poisonous barb. [potion
                  | of mutation]
 22881 | D:12     | Gained mutation: You passively map a small area around you.
                  | [potion of mutation]
 22881 | D:12     | Gained mutation: You are partially covered in iridescent
                  | scales. (AC +2) [potion of mutation]
 22989 | D:12     | Noticed a boulder beetle
 23001 | D:12     | Killed a boulder beetle
 23399 | D:12     | Found Godeado's General Store.
 23404 | D:12     | Bought a +2 helmet of intelligence for 215 gold pieces
 23404 | D:12     | Bought the +2 pair of gloves "Seweaz" {+Blink Stlth+} for
                  | 313 gold pieces
 23655 | D:12     | Found Ziwnuq's Antique Weapon Shoppe.
 23841 | D:13     | Noticed a tengu warrior
 23846 | D:13     | Killed a tengu warrior
 23852 | D:13     | Reached skill level 14 in Stealth
 24175 | D:13     | Identified the +1 leather armour of Okawaru's Approval
                  | {Regen+ Stlth+}
 24418 | D:13     | Noticed a six-headed hydra
 24426 | D:13     | Killed a six-headed hydra
 24548 | D:13     | Noticed a rakshasa
 24563 | D:13     | Killed a rakshasa
 24563 | D:13     | Noticed a centaur warrior
 24777 | D:13     | Gained mutation: You can use your snake-like lower body to
                  | constrict enemies. [Naga growth]
 24777 | D:13     | Reached XP level 13. HP: 94/97 MP: 9/25
 25000 | D:13     | Learned a level 5 spell: Fireball
 25128 | D:13     | Reached skill level 1 in Fire Magic
 25257 | D:13     | Reached skill level 10 in Invocations
 25638 | D:14     | Found a gate to the Vaults.
 25638 | D:14     | Noticed Urug
 25638 | D:14     | Noticed Nessos
 26271 | D:14     | Killed Nessos
 26272 | D:14     | Reached skill level 15 in Stealth
 27023 | D:14     | Slain by a large slime creature

Illustrated notes

Levels and vault maps discovered:
D:1:      shiori_angband_town, layout_loops_ring,
          ebering_ecumenical_altar_sacrificial, minmay_statues_item,
          patterned_corridor
D:2:      minmay_roachtagon, layout_loops_ring
D:3:      layout_rooms, ebering_ghost_sewer_f, serial_park_tiny_1, uniq_natasha
D:4:      layout_rooms, minmay_temple_entry_glassed_door, eino_curves_03,
          minmay_manual_mail, uniq_blork_the_orc, uniq_edmund, uniq_duvessa
D:5:      layout_layer_cave, mainiacjoe_overflow_brackets, old_standard_altar,
          serial_park_tiny_2, supply_closet_lemuel, kennysheep_generic_room_13
D:6:      layout_basic
D:7:      layout_cave_pools, kennysheep_cross_bottleneck, corexii_corridor_pit
D:8:      minmay_octagon_keep, layout_basic, due_lair_maze_entry_diamond,
          serial_shops, shop, minivault_24, minivault_26, minmay_crossroads,
          uniq_joseph, uniq_pikel, uniq_harold
D:9:      layout_basic, mainiacjoe_overflow_catwalk, lemuel_doored_altar,
          gammafunk_ghost_split, minivault_13
D:10:     layout_long_grid
D:11:     layout_loops_ring, minmay_orc_entry_guard_dogs,
          chequers_serial_rivers_small_a
D:12:     layout_stronghold, portal_ice_cave_entry_pillars_1, serial_shops,
          nicolae_shop_temple_entry_statues_fountains, nicolae_diamond_shop
D:13:     layout_loops_ring, grunt_tough_drop
D:14:     layout_irregular_city, david_vaults_3, gauntlet_entry_generic,
          enter_bailey_7, minmay_staircase_statues_hall_small
Temple:   eino_narrow_crystal_temple

Skill      XL: |  1  2  3  4  5  6  7  8  9 10 11 12 13 |
---------------+----------------------------------------+-----
Stealth        | 2 3 4 5 6 7 8 10 11 12 14 15 | 15.3
Spellcasting   | 1 2 3 4 5 6 7 8 9 |  9.6
Earth Magic    | 4 5 6 7 8 9 |  9.0
Invocations    | 2 3 5 6 7 9 10 | 10.5
Conjurations   | 2 4 5 6 7 8 |  8.2
Transmutations | 2 4 5 6 8 9 |  9.4
Fire Magic     | 3 |  3.3
Fighting       | |  1.0
Axes           | |  1.0
Armour         | |  2.7
Shields        | |  1.0

Action                   |  1- 3 |  4- 6 |  7- 9 | 10-12 | 13-15 || total
-------------------------+-------+-------+-------+-------+-------++-------
Melee: Club              |    25 |       |       |       |       ||    25
       Dagger            |    15 |       |       |       |       ||    15
       Hand axe          |     6 |   101 |    34 |       |       ||   141
       Staff             |       |       |   110 |    63 |     6 ||   179
       Constrict         |       |       |       |       |     1 ||     1
 Cast: Sandblast         |     4 |     8 |    17 |       |       ||    29
       Stone Arrow       |       |       |   111 |   264 |    92 ||   467
       Iskenderun's Batt |       |       |       |     2 |     6 ||     8
Invok: Slouch            |       |       |       |       |     6 ||     6
 Abil: Spit Poison       |    46 |    18 |    25 |     5 |       ||    94
Evoke: Wand              |       |       |       |    10 |     1 ||    11
  Use: Scroll            |       |     3 |     4 |     7 |     3 ||    17
       Potion            |       |     1 |       |     1 |       ||     2
 Stab: Sleeping          |     1 |     1 |     3 |       |       ||     5
       Paralysed         |       |       |       |    39 |       ||    39
Armor: Ring mail         |    22 |       |       |       |       ||    22
       Skin              |     6 |     6 |       |       |       ||    12
       Robe              |       |    16 |    66 |       |       ||    82
       Steam dragon scal |       |       |       |    38 |       ||    38
       Leather armour    |       |       |       |     5 |    58 ||    63
Dodge: Dodged            |    39 |    58 |   165 |    90 |    88 ||   440
